 Dungeon Crawl Stone Soup version 0.30.1-4-g462c640d31 (webtiles) character file.

Game seed: 5755275996171603770

35 hawla the Firebug (level 3, -6/26 HPs)
             Began as a Meteoran Fire Elementalist on Aug 25, 2023.
             Mangled by a gnoll
             ... wielding a +0 halberd of protection
              (9 damage)
             ... on level 4 of the Dungeon.
             The game lasted 00:01:55 (416 turns).

hawla the Firebug (Meteoran Fire Elementalist)       Turns: 416, Time: 00:01:56

Health: -6/26      AC:  3    Str:  9    XL:     3   Next: 76%
Magic:  8/8        EV:  6    Int: 19    God:
Gold:   18         SH:  0    Dex: 14    Spells: 5/8 levels left

rFire   . . .        (no weapon)
rCold   . . .        (no shield)
rNeg    . . .        a - +0 robe
rPois   .            (no helmet)
rElec   .            (no cloak)
rCorr   .            g - +0 pair of gloves
SInv    .            (no boots)
Will    .....        (no amulet)
Stlth   +            (no ring)
HPRegen 0.24/turn    (no ring)
MPRegen 0.11/turn

%: no passive effects
@: held, glowing
A: sense surroundings 1, otherworldly, glowing, explore regen
a: no special abilities


You were on level 4 of the Dungeon.
You visited 1 branch of the dungeon, and saw 4 of its levels.

You collected 18 gold pieces.

Inventory:

Armour
 a - a +0 robe (worn)
 g - a +0 pair of gloves (worn)
Wands
 e - a wand of iceblast (6) (quivered)


   Skills:
 - Level 2.4 Dodging
 - Level 1.4 Stealth
 - Level 3.1 Spellcasting
 - Level 1.2 Conjurations
 - Level 4.2 Fire Magic
 + Level 2.2 Evocations


You had 5 spell levels left.
You knew the following spells:

 Your Spells              Type           Power      Damage    Failure   Level
a - Foxfire               Conj/Fire      52%        2x1d6     4%          1
b - Scorch                Fire           38%        2d7       4%          2

Your spell library contained the following spells:

 Spells                   Type           Power      Damage    Failure   Level
 Inner Flame              Hex/Fire       11%        N/A       19%         3
 Volatile Blastmotes      Fire/Tloc      22%        2d11      19%         3
 Flame Wave               Conj/Fire      13%        2d6       43%         4


Dungeon Overview and Level Annotations

Branches:
Dungeon (4/15) Zot: 1983
 Temple: D:4-7

Altars:


Innate Abilities, Weirdness & Mutations

You passively map a small area around you.
You are easily found by Zot.
You glow in the dark.
You regain HP and MP as you explore.


Message History

You conjure some foxfire!
Casting: Foxfire (safe; 4% risk of failure)
Confirm with . or Enter, or press ? or * to list all spells.
Flames lash the gnoll.
The gnoll is moderately wounded.
The gnoll's fire resistance burns away.
You feel your willpower return.
The foxfire hits the gnoll.
The gnoll is burned terribly!
The gnoll is severely wounded.
The foxfire hits the gnoll.
The gnoll is severely wounded.
The gnoll throws a throwing net.
The throwing net hits you.
You become entangled in the net!
Casting: Scorch (safe; 4% risk of failure)
Confirm with . or Enter, or press ? or * to list all spells.
You conjure some foxfire!
The gnoll hits you but does no damage.
Casting: Foxfire (safe; 4% risk of failure)
Confirm with . or Enter, or press ? or * to list all spells.
Flames lash the gnoll.
The gnoll is moderately wounded.
The gnoll's fire resistance burns away.
The foxfire hits the gnoll.
The gnoll is burned terribly!
You kill the gnoll!
Your Evocations skill increases to level 2!
Casting: Scorch (safe; 4% risk of failure)
Confirm with . or Enter, or press ? or * to list all spells.
You conjure some foxfire!
The gnoll completely misses you.
The gnoll hits you from afar with a +0 halberd of protection!
You tear a large gash into the net.
The foxfire hits the gnoll.
The gnoll is moderately wounded.
The foxfire hits the gnoll.
The gnoll is moderately wounded.
The gnoll barely misses you.
The gnoll hits you from afar with a +0 spear!
* * * LOW HITPOINT WARNING * * *
Magic courses through your body.
The gnoll hits you from afar with a +0 spear.
* * * LOW HITPOINT WARNING * * *
The gnoll hits you from afar with a +0 halberd of protection!
You die...

#.............#
##.##########.# ,
#.#.......<#.#
#.#.####.#.#.#
#.#.# #.#.#.# *
#.#.# #.#.#.#
#.#.# #.#.#.# *
#.#.# #...#v# *
#...#* #####@#
######..........#
* #.##..gg.$.#* *
, , * #.........,
, #........## *
*#.!......# ,
.......... ,
##.........., , *
* * ,


You could see 2 gnolls.

Vanquished Creatures
  A gnoll (D:4)
  An adder (D:3)
  2 dart slugs (D:3)
  A ball python (D:1)
  2 goblins
  2 jackals (D:1)
  A quokka (D:1)
  A frilled lizard (D:1)
  2 rats
13 creatures vanquished.

Vanquished Creatures (others)
  29 foxfires
29 creatures vanquished.

Grand Total: 42 creatures vanquished

Notes
Turn   | Place    | Note
-------+----------+-------------------------------------------
     0 | D:1      | hawla the Meteoran Fire Elementalist began the quest for
                  | the Orb.
     0 | D:1      | Reached XP level 1. HP: 14/14 MP: 5/5
    44 | D:1      | Reached skill level 4 in Fire Magic
    44 | D:1      | Reached XP level 2. HP: 16/20 MP: 0/6
    47 | D:1      | Learned a level 2 spell: Scorch
   337 | D:3      | Reached skill level 1 in Evocations
   337 | D:3      | Reached XP level 3. HP: 26/26 MP: 3/8
   416 | D:4      | Mangled by a gnoll

Illustrated notes

Levels and vault maps discovered:
D:1:      lightli_arrival_chessboard, layout_basic, minmay_pentomino_t2
D:2:      layout_basic, dreamdust_ecumenical_altar_grove,
          minmay_misc_feat_square
D:3:      layout_basic, minmay_stone_trees_small,
          minmay_fractal_squares_gapless_5
D:4:      layout_basic

Skill      XL: |  1  2  3 |
---------------+----------+-----
Fire Magic     | 4 |  4.2
Spellcasting   | 3 |  3.1
Evocations     | 1 2 |  2.2
Dodging        | |  2.4
Stealth        | |  1.4
Conjurations   | |  1.2

Action                     || total
---------------------------++-------
  Melee: Unarmed           ||    15
         Punch             ||     1
   Cast: Foxfire           ||    20
         Scorch            ||     5
    Use: Scroll            ||     3
         Potion            ||     1
 Armour: Robe              ||     4
  Dodge: Dodged            ||    11
